Map: Cactus Valley LE (Void)

Players

Dark

  • Race: Zerg Zerg
  • Spawn Location: 11:00

Stats - Winner!

  • Race: Protoss Protoss
  • Spawn Location: 7:00

Event: IEM XI Katowice - World Championship 2017

VOD

Have the link to the VOD?

Description

Time

  • Played on: March 5, 2017, 8:12 a.m.
  • Length: 10:10

All games in this series

Show
View Real Time Build Order
Export as new Build Order

Dark Zerg 

Build Orders: Hatch First 

Get SALT Encoding   

  12  0:00  Drone  
  13  0:12  Overlord  
  13  0:17  Drone  
  14  0:30  Drone x2  
  14  0:34  Drone  
  17  0:54  Drone  
  18  1:01  Drone  
  18  1:02  Hatchery  
  18  1:10  Extractor  
  17  1:12  Drone  
  18  1:18  Spawning Pool  
  18  1:19  Drone  
  18  1:32  Drone  
  19  1:46  Drone  
  20  1:54  Hatchery  
  19  1:59  Drone  
  20  2:06  Zergling x2  
  21  2:10  Metabolic Boost  
  21  2:13  Queen  
  23  2:17  Drone  
  23  2:20  Drone  
  25  2:23  Drone  
  26  2:30  Drone  
  26  2:32  Zergling x2  
  28  2:39  Roach Warren  
  28  2:41  Zergling x2  
  28  2:53  Spore Crawler, Overlord  
  27  3:02  Overlord  
  27  3:22  Roach x2  
  27  3:25  Roach x2  
  35  3:29  Roach x2  
  35  3:30  Roach x2  
  43  3:35  Roach  
  43  3:37  Overlord  
  43  3:40  Zergling x2  
  43  3:41  Zergling x2  
  47  3:44  Zergling x2  
  47  3:47  Zergling x2  
  49  3:55  Overlord  
  49  3:56  Zergling x4  
  49  4:02  Zergling x4  
  51  4:23  Zergling x8, Ravager  
  54  4:26  Zergling x8  
  54  4:30  Ravager  
  56  4:32  Zergling x6  
  50  4:43  Zergling x4  
  50  4:44  Zergling x4  
  43  5:06  Zergling x10  
  43  5:07  Zergling x2  
  45  5:09  Zergling x2  
  44  5:17  Queen  
  42  5:29  Drone x2  
  42  5:33  Drone  
  40  5:37  Drone x2  
  40  5:38  Drone x2  
  40  5:39  Drone  
  40  5:40  Drone  
  39  5:43  Queen  
  39  5:47  Queen  
  43  5:53  Spore Crawler  
  42  5:58  Spore Crawler  
  42  6:02  Drone x2  
  43  6:04  Overlord  
  43  6:16  Spore Crawler  
  42  6:23  Queen, Roach x3  
  50  6:31  Overlord  
  49  6:32  Extractor  
  49  6:39  Drone  
  48  6:40  Drone  
  48  6:41  Overlord  
  48  6:46  Overlord  
  49  6:48  Overlord  
  49  6:50  Drone x2  
  49  6:51  Drone x2  
  53  6:55  Overlord  
  53  7:04  Queen  
  55  7:12  Roach  
  55  7:13  Roach x3  
  61  7:17  Roach  
  61  7:20  Roach  
  65  7:26  Roach x2  
  69  7:30  Zergling x6  
  69  7:33  Zergling x4  
  69  7:36  Ravager x3  
  77  7:37  Ravager  
  77  7:40  Zergling x2  
  79  7:45  Queen  
  79  7:49  Zergling x2  
  79  7:50  Overlord  
  82  7:53  Overlord  
  82  7:58  Overlord  
  82  8:05  Overlord  
  81  8:26  Ravager x2  
  83  8:27  Ravager  
  83  8:28  Drone x12  
  96  8:38  Lair  
  96  8:39  Drone x2  
  98  8:42  Evolution Chamber  
  90  8:52  Drone  
  90  8:53  Overlord, Drone x3  
  94  8:56  Queen  
  96  9:09  Extractor  
  95  9:10  Extractor  
  95  9:11  Drone x2  
  95  9:12  Roach x2  
  95  9:14  Roach  
  101  9:18  Roach  
  101  9:23  Roach  
  94  9:26  Roach  
  94  9:31  Roach  
  75  9:32  Zergling x2  
  75  9:33  Zergling x4  
  75  9:36  Roach  
  75  9:37  Zergling x8  
  82  9:43  Roach  
  84  9:47  Roach x2  
Show
View Real Time Build Order
Export as new Build Order

Stats Protoss - Winner!

Build Orders: 1 Gate Expand, Oracle Opening 

Get SALT Encoding   

  12  0:00  Probe (Chrono Boost)  
  13  0:11  Probe (Chrono Boost)  
  14  0:19  Pylon  
  14  0:22  Probe (Chrono Boost)  
  15  0:38  Probe (Chrono Boost)  
  15  0:42  Gateway  
  16  0:48  Probe (Chrono Boost)  
  17  0:51  Assimilator  
  17  0:59  Probe (Chrono Boost)  
  18  1:09  Probe (Chrono Boost)  
  19  1:24  Probe (Chrono Boost)  
  20  1:32  Nexus  
  20  1:36  Cybernetics Core  
  20  1:39  Probe (Chrono Boost)  
  21  1:44  Assimilator  
  21  1:49  Probe (Chrono Boost)  
  21  1:53  Pylon  
  22  2:00  Probe (Chrono Boost)  
  23  2:09  Adept  
  23  2:12  Warp Gate, Probe (Chrono Boost)  
  26  2:24  Probe (Chrono Boost)  
  27  2:32  Stargate  
  27  2:33  Adept  
  27  2:36  Probe (Chrono Boost)  
  31  2:44  Probe (Chrono Boost)  
  31  2:48  Probe (Chrono Boost)  
  32  2:55  Probe (Chrono Boost)  
  33  2:59  Probe (Chrono Boost)  
  33  3:05  Probe (Chrono Boost)  
  35  3:10  Probe (Chrono Boost)  
  35  3:12  Oracle  
  36  3:14  Gateway x2  
  36  3:16  Probe (Chrono Boost)  
  40  3:23  Adept, Probe (Chrono Boost)  
  43  3:27  Pylon  
  43  3:29  Probe (Chrono Boost)  
  45  3:35  Probe (Chrono Boost)  
  46  3:41  Probe (Chrono Boost)  
  46  3:44  Pylon, Void Ray  
  46  3:47  Probe (Chrono Boost)  
  50  3:54  Probe (Chrono Boost)  
  52  3:57  Assimilator  
  52  3:59  Probe (Chrono Boost)  
  52  4:02  Assimilator  
  53  4:04  Pylon  
  53  4:08  Mothership Core (Chrono Boost)  
  53  4:15  Adept x2  
  51  4:24  Adept  
  53  4:34  Probe (Chrono Boost)  
  53  4:35  Probe (Chrono Boost)  
  48  4:39  Pylon  
  48  4:40  Adept  
  48  4:43  Adept  
  49  4:51  Probe (Chrono Boost)  
  46  4:52  Probe (Chrono Boost)  
  46  4:59  Pylon  
  46  5:04  Adept  
  46  5:05  Adept  
  42  5:25  Adept x2  
  42  5:27  Adept  
  44  5:38  Probe (Chrono Boost)  
  44  5:39  Probe (Chrono Boost)  
  41  5:49  Probe (Chrono Boost)  
  40  5:54  Probe (Chrono Boost)  
  41  5:59  Probe (Chrono Boost)  
  41  6:01  Oracle  
  45  6:07  Probe (Chrono Boost)  
  45  6:10  Probe (Chrono Boost)  
  47  6:14  Sentry  
  47  6:18  Probe (Chrono Boost), Sentry  
  52  6:20  Probe (Chrono Boost)  
  53  6:28  Twilight Council  
  53  6:32  Probe (Chrono Boost)  
  55  6:33  Probe (Chrono Boost)  
  55  6:42  Probe (Chrono Boost)  
  55  6:45  Probe (Chrono Boost)  
  57  6:50  Adept x2  
  57  6:51  Adept  
  57  6:53  Resonating Glaives, Probe (Chrono Boost)  
  64  6:57  Probe (Chrono Boost)  
  65  7:04  Probe (Chrono Boost)  
  67  7:09  Probe (Chrono Boost)  
  65  7:16  Probe (Chrono Boost)  
  65  7:17  Gateway  
  65  7:18  Gateway  
  65  7:21  Probe (Chrono Boost)  
  66  7:25  Gateway  
  66  7:30  Sentry  
  66  7:34  Pylon, Probe x2 (Chrono Boost)  
  70  7:37  Pylon  
  70  7:52  Nexus  
  70  7:56  Sentry  
  70  7:57  Sentry x2  
  76  8:02  Gateway x2  
  76  8:14  Pylon x2  
  76  8:16  Adept x2  
  79  8:20  Pylon  
  79  8:23  Pylon  
  79  8:27  Cybernetics Core  
  79  8:29  Sentry x2  
  79  8:31  Stalker  
  85  8:35  Stalker  
  85  8:37  Adept x2  
  91  8:57  Pylon  
  91  9:04  Adept x2  
  91  9:05  Adept x5  
  87  9:27  Adept x6  
  87  9:28  Adept  
  93  9:59  Adept x6  
  96  10:00  Adept  

Tags
 
Add a new tag
Caveats
  • Supply blocks, unpowered buildings, or Contaminate may cause inaccurate times.
  • Supply counts are checked every 10 seconds.